Map: Acropolis LE

Players

HoneyBadger - Winner!

  • Race: Protoss Protoss
  • Spawn Location: 11:00

MegroN

  • Race: Protoss Protoss
  • Spawn Location: 5:00

VOD

Have the link to the VOD?

Description

PvP vs nKosi game 1

Time

  • Played on: May 24, 2019, 10:43 a.m.
  • Length: 6:06
Show
View Real Time Build Order
Export as new Build Order

HoneyBadger Protoss - Winner!

Build Orders: Mass Adepts 

Get SALT Encoding   

  12  0:00  Probe  
  13  0:13  Probe  
  14  0:20  Pylon  
  14  0:25  Probe  
  15  0:34  Probe  
  15  0:41  Gateway  
  15  0:42  Probe  
  17  0:52  Probe  
  17  0:53  Assimilator  
  18  1:05  Gateway  
  18  1:09  Probe  
  19  1:21  Probe  
  20  1:29  Cybernetics Core  
  20  1:34  Probe, Assimilator  
  20  1:38  Pylon  
  21  1:47  Probe  
  22  1:58  Adept x2  
  22  2:01  Probe  
  23  2:02  Warp Gate  
  27  2:13  Probe  
  28  2:16  Pylon  
  28  2:20  Gateway  
  28  2:38  Adept x2  
  32  2:46  Robotics Facility  
  32  3:05  Pylon  
  32  3:14  Gateway  
  32  3:52  Adept x3  
  32  3:53  Warp Prism  
  40  4:00  Pylon  
  36  4:22  Gateway  
  36  4:23  Adept  
  36  4:24  Adept x3  
  44  4:52  Adept x4  
  50  5:36  Observer  
  49  5:43  Forge  
Show
View Real Time Build Order
Export as new Build Order

MegroN Protoss 

Build Orders: 1 Gate Expand 

Get SALT Encoding   

  12  0:01  Probe  
  13  0:13  Probe  
  14  0:19  Pylon  
  14  0:25  Probe  
  15  0:38  Gateway  
  15  0:41  Probe  
  16  0:46  Assimilator  
  16  0:53  Probe  
  17  1:06  Probe  
  18  1:18  Probe  
  19  1:27  Nexus  
  19  1:38  Cybernetics Core  
  19  1:49  Pylon  
  19  1:51  Assimilator  
  19  1:55  Zealot, Probe  
  20  2:07  Warp Gate  
  22  2:11  Probe  
  23  2:19  Stalker  
  25  2:30  Probe  
  26  2:43  Robotics Facility  
  26  2:47  Probe  
  26  2:48  Pylon  
  27  2:56  Stalker  
  29  3:10  Probe  
  27  3:16  Pylon  
  24  3:41  Probe x2  
  25  3:53  Probe  
  25  4:13  Shield Battery  
  25  4:16  Immortal  
  29  4:21  Probe x2  
  30  4:56  Observer  
  31  5:09  Stalker  
  31  5:11  Probe  
  31  5:12  Probe  
  29  5:24  Probe x2  
  28  5:35  Shield Battery  
  28  5:36  Probe x2  
Tags
 
Composition
Mass Adepts
Matchup
PvP
Spawn Locations
Cross Positions
Add a new tag
Caveats
  • Supply blocks, unpowered buildings, or Contaminate may cause inaccurate times.
  • Supply counts are checked every 10 seconds.